 Dungeon Crawl Stone Soup version 0.22-a0-414-gacd343e (webtiles) character file.

2058 Amnesiac the Transmogrifier (level 9, -3/40 HPs)
             Began as a Spriggan Transmuter on May 14, 2018.
             Was a Priest of Okawaru.
             Killed by divine providence
             ... invoked by an orc priest
              (11 damage)
             ... on level 7 of the Dungeon.
             The game lasted 00:27:29 (9068 turns).

Amnesiac the Transmogrifier (Spriggan Transmuter)   Turns: 9068, Time: 00:27:30

Health: -3/40      AC:  8    Str:  6    XL:     9   Next: 5%
Magic:  24/26      EV: 18    Int: 18    God:    Okawaru [***...]
Gold:   379        SH:  0    Dex: 16    Spells: 12/18 levels left

rFire    + . .     SeeInvis +   h - +0 dagger (drain)
rCold    + . .     Gourm    .   (shield restricted)
rNeg     . . .     Faith    .   b - +1 robe
rPois    .         Spirit   .   v - +2 hat
rElec    .         Reflect  .   c - scarf {rC+ rF+}
rCorr    .         Harm     .   (gloves unavailable)
MR       +....                  (boots unavailable)
Stlth    +.........             (no amulet)
HPRegen  0.13/turn              k - +3 ring of protection
MPRegen  0.20/turn              B - ring of magical power

@: very quick
A: very small, unfitting armour, see invisible, herbivore, speed 3, slow
metabolism 2
a: Heroism, Renounce Religion


You were on level 7 of the Dungeon.
You worshipped Okawaru.
Okawaru was most pleased with you.
You were not hungry.

You visited 1 branch of the dungeon, and saw 7 of its levels.

You collected 379 gold pieces.

Inventory:

Hand Weapons
 g - a +1 spear
 h - a +0 dagger of draining (weapon)
 x - a +0 shortbow
Missiles
 i - a throwing net (quivered)
 u - 2 arrows
Armour
 b - a +1 robe (worn)
 c - a scarf of resistance (worn)
 v - a +2 hat (worn)
 w - a cursed -1 buckler
Jewellery
 k - a +3 ring of protection (left hand)
 n - an uncursed ring of fire
 B - a ring of magical power (right hand)
Wands
 l - a wand of random effects (17)
 r - a wand of iceblast (10)
Scrolls
 e - a scroll of identify {!r}
 f - 3 scrolls of teleportation {!r}
 j - 2 scrolls of enchant armour {!r}
 p - a scroll of amnesia {!r, unknown}
 t - 2 scrolls of remove curse {!r}
 y - a scroll of blinking {!r}
 C - a scroll of fear {!r, unknown}
Potions
 a - a potion of curing {!q}
 m - a potion of heal wounds {!q}
 o - 2 potions of might {!q}
 s - a potion of magic {!q, unknown}
 z - a potion of agility {!q}
 A - a potion of invisibility {!q}
Comestibles
 d - 10 rations


   Skills:
 - Level 0.7 Fighting
 - Level 8.0 Bows
 - Level 3.0 Dodging
 + Level 3.2 Shields
 - Level 2.4 Unarmed Combat
 - Level 5.0 Spellcasting
 - Level 10.4 Transmutations


You had 12 spell levels left.
You knew the following spells:

 Your Spells              Type           Power        Failure   Level  Hunger
a - Beastly Appendage     Tmut           #####.       1%          1    None
b - Sticks to Snakes      Tmut           #####...     1%          2    #......
e - Spider Form           Tmut/Pois      ###.......   4%          3    ##.....

Your spell library contained the following spells:

 Spells                   Type           Power        Failure   Level  Hunger
 Lightning Bolt           Conj/Air       #.........   98%         5    ######.
 Shock                    Conj/Air       #...         13%         1    None
 Swiftness                Chrm/Air       #.......     21%         2    #......
 Blade Hands              Tmut           #####.....   4%          5    ######.
 Ice Form                 Ice/Tmut       ###.....     16%         4    ####...
 Airstrike                Air            #.........   78%         4    ####...
 Static Discharge         Conj/Air       #.......     36%         3    ##.....


Dungeon Overview and Level Annotations

Branches:
Dungeon (7/15)             Temple (0/1) D:7

Altars:
Okawaru

Shops:
D:4 [


Innate Abilities, Weirdness & Mutations

You are very small and have problems with some larger weapons.
You are too small for most types of armour.
You have supernaturally acute eyesight. (SInv)
You are a herbivore.
You cover ground extremely quickly.
You need to consume almost no food.


Message History

No target in view!
No target in view!
C - a scroll labeled JIUTSA WEGHIF {!r} You see here a leather armour.
An orc priest comes into view. It is wielding a dagger.
Found a stone staircase leading up.
An orc wizard comes into view. It is wielding a dagger.
There are monsters nearby!
There are monsters nearby!
There are monsters nearby!
Casting: Sticks to Snakes (safe; 1% risk of failure)
Confirm with . or Enter, or press ? or * to list all spells.
You create 3 snakes!
You now have 2 arrows.
The orc wizard shouts!
You hear a shout!
Your adder is smitten.
A bullfrog zombie comes into view.
An orc and an orc priest come into view.
The orc priest drinks a potion.
The orc priest suddenly seems more agile.
The orc priest mumbles some strange prayers to Beogh against you.
Beogh smites you!
The orc priest blocks your adder's attack.
The orc priest calls down the wrath of Beogh upon you.
Beogh smites you!
* * * LOW HITPOINT WARNING * * *
You swap places.
The orc priest blocks your adder's attack.
Really quaff
m - 2 potions of heal wounds {!q}?
You feel much better.
The bullfrog zombie closely misses your water moccasin.
The orc wizard mumbles some strange words.
The orc wizard seems to speed up.
The orc priest misses your adder.
The orc priest calls upon Beogh to heal the orc priest.
The orc priest's wounds heal themselves!
You swap places.
The orc wizard gestures at you while chanting.
The magic dart hits your adder.
Your adder dies!
The bullfrog zombie closely misses your water moccasin.
The orc priest hits you but does no damage.
You barely miss the orc priest.
The orc wizard barely misses your adder.
The bullfrog zombie hits your water moccasin.
The orc wizard is poisoned.
Your water moccasin poisons the orc wizard!
The orc wizard hits your adder with a dagger.
The orc priest calls down the wrath of Beogh upon you.
Beogh smites you!
* * * LOW HITPOINT WARNING * * *
The bullfrog zombie hits your water moccasin.
Really read
q - a scroll labeled HIKIYR CYUWNUBUIQ {!r}?
As you read the scroll labeled HIKIYR CYUWNUBUIQ {!r}, it crumbles to dust.
You feel aware of your surroundings.
You sensed 1 altar.
It was a scroll of magic mapping {!r}.
The orc priest calls down the wrath of Beogh upon you.
Beogh smites you!
* * * LOW HITPOINT WARNING * * *
The orc wizard closely misses your water moccasin.
The bullfrog zombie hits your water moccasin.
The orc priest hits you but does no damage.
The orc wizard hits your water moccasin with a dagger.
The orc priest mumbles some strange prayers to Beogh against you.
Beogh smites you!
You die...

***,,,,.................***###*
**,,,.................,.##..#*
***,.................,......#
*,,..<..............,.......
*,*.........o.......,.......
*,*......................... **
***,*#......oooZ..#*,.........
,***,,,##.......SSS..#*##........
,,,,,,,.........@S..## #.........
'*******#'.........## ##.........
*,,,,,,,.#.........# ##..........
*,'****',#........####...........
*,*,,,,*,#....[..................
*,*,**,*,#......................#
*,*,**,*,#....................###
*,*,,,,*,#..................###
*,'****',#............#...###


You could see 2 orc priests, an orc wizard, an orc, a bullfrog zombie, 2
friendly water moccasins and 2 friendly adders.

Vanquished Creatures
  The ghost of Curus the Changer, an amateur MfTm of Okawaru (D:4)
  An ice beast (D:7)
  3 sky beasts
  An ogre (D:7)
  A centaur (D:5)
  A howler monkey (D:2)
  A centaur zombie (D:5)
  An orc priest (D:3)
  3 hounds
  3 orc wizards
  Natasha (D:3)
  3 worker ants
  A hound zombie (D:5)
  2 gnolls (D:2)
  7 adders
  A river rat (D:4)
  An ooze (D:2)
  3 worms
  A dart slug (D:1)
  A leopard gecko (D:7)
  15 orcs
  3 giant cockroaches
  6 goblins
  7 hobgoblins
  A quokka (D:5)
  A ball python (D:5)
  A ball python skeleton (D:5)
  6 bats
  7 frilled lizards
  5 kobolds
  8 rats
97 creatures vanquished.

Vanquished Creatures (collateral kills)
  A hippogriff (D:7)
  Menkaure (D:6)
  An orc warrior (D:6)
  An ice beast (D:5)
  A phantom (D:6)
  2 ogres (D:6)
  3 bullfrogs (D:6)
  3 scorpions
  A howler monkey (D:6)
  2 crimson imps (D:6)
  2 jellies (D:6)
  A bullfrog zombie (D:7)
  2 orc priests (D:6)
  A bullfrog skeleton (D:4)
  Natasha (twice) (D:3)
  2 orc wizards
  A killer bee zombie (D:6)
  A hound skeleton (D:6)
  A howler monkey zombie (D:3)
  3 adders
  A gnoll (D:2)
  A river rat (D:4)
  A shadow imp (D:5)
  An adder zombie (D:7)
  7 worms
  8 orcs
  2 giant cockroaches
  3 hobgoblins
  6 jackals (D:7)
62 creatures vanquished.

Grand Total: 159 creatures vanquished

Notes
Turn   | Place    | Note
-------+----------+-------------------------------------------
     0 | D:1      | Amnesiac the Spriggan Transmuter began the quest for the Orb.
     0 | D:1      | Reached XP level 1. HP: 9/9 MP: 5/5
   249 | D:1      | Reached XP level 2. HP: 14/14 MP: 5/7
   253 | D:1      | Learned a level 2 spell: Sticks to Snakes
   514 | D:1      | Reached skill level 3 in Transmutations
   837 | D:2      | Reached XP level 3. HP: 17/17 MP: 9/9
  1185 | D:2      | Reached skill level 4 in Transmutations
  1496 | D:2      | Reached skill level 5 in Transmutations
  1496 | D:2      | Reached XP level 4. HP: 10/21 MP: 6/11
  1976 | D:2      | HP: 1/21 [poisoned by an adder]
  3135 | D:3      | Reached skill level 5 in Spellcasting
  3135 | D:3      | Reached XP level 5. HP: 19/25 MP: 7/13
  3140 | D:3      | Noticed Natasha
  3149 | D:3      | Killed Natasha
  3354 | D:3      | Noticed Natasha
  3376 | D:3      | Killed Natasha
  3442 | D:3      | Reached skill level 6 in Transmutations
  3593 | D:3      | Noticed Natasha
  3747 | D:3      | Learned a level 3 spell: Spider Form
  4145 | D:4      | Noticed Curus's ghost (amateur MfTm)
  4485 | D:4      | HP: 1/25 [poisoned by an adder]
  4534 | D:5      | Entered Level 5 of the Dungeon
  4819 | D:5      | Reached skill level 7 in Transmutations
  4819 | D:5      | Reached XP level 6. HP: 27/29 MP: 14/14
  4823 | D:5      | Noticed a sky beast
  4828 | D:5      | Killed a sky beast
  4852 | D:5      | Noticed a sky beast
  4856 | D:5      | Killed a sky beast
  4856 | D:5      | Reached skill level 8 in Transmutations
  4956 | D:5      | Reached skill level 9 in Transmutations
  4956 | D:5      | Reached XP level 7. HP: 32/32 MP: 15/15
  5234 | D:5      | Reached skill level 10 in Transmutations
  5669 | D:5      | Found an iron altar of Okawaru.
  5675 | D:5      | Became a worshipper of Warmaster Okawaru
  5751 | D:5      | Reached skill level 1 in Bows
  5926 | D:6      | Noticed Menkaure
  5936 | D:6      | Killed Menkaure
  6200 | D:6      | Reached * piety under Okawaru
  6203 | D:6      | Reached XP level 8. HP: 34/37 MP: 8/16
  6234 | D:6      | Reached skill level 5 in Bows
  6613 | D:6      | Reached ** piety under Okawaru
  6870 | D:4      | Killed Curus's ghost
  7010 | D:4      | Found Suutozym's Antique Armour Shop.
  8153 | D:3      | Killed Natasha
  8781 | D:7      | Reached skill level 1 in Shields
  8867 | D:7      | Noticed a hippogriff
  8881 | D:7      | Killed a hippogriff
  8881 | D:7      | Reached *** piety under Okawaru
  8881 | D:7      | Reached XP level 9. HP: 25/40 MP: 17/17
  9068 | D:7      | Killed from afar by an orc priest

Vault maps used:
D:1:      tarquinn_simple_flora_water_f
D:2:      minmay_hexomino_f4
D:3:      first_ration, nrook_loot_triangle, minmay_strange_pillars,
          uniq_natasha
D:4:      lightli_sewer_entry_pipes, serial_shops, shop
D:5:      supply_closet_lemuel, hangedman_glass_teeth, kennysheep_flooded_box
D:6:      uniq_menkaure
D:7:      kennysheep_mini, temple_doors_e, minivault_11

Skill      XL: |  1  2  3  4  5  6  7  8 |
---------------+-------------------------+-----
Spellcasting   | 3 4 5 |  5.0
Transmutations | 3 5 7 9 10 | 10.4
Bows           | 3 8 |  8.0
Shields        | 3 |  3.2
Fighting       | |  0.7
Dodging        | |  3.0
Unarmed Combat | |  2.4

Action                   |  1- 3 |  4- 6 |  7- 9 || total
-------------------------+-------+-------+-------++-------
Melee: Spear             |   164 |   169 |       ||   333
       Punch             |       |     1 |       ||     1
       Dagger            |       |    63 |   355 ||   418
       Unarmed           |       |    13 |    10 ||    23
 Cast: Sticks to Snakes  |    22 |    18 |    55 ||    95
       Spider Form       |       |     4 |     1 ||     5
Evoke: Wand              |       |    12 |    10 ||    22
  Use: Potion            |       |     5 |     2 ||     7
       Scroll            |       |     9 |     2 ||    11
 Stab: Distracted        |     1 |     1 |     5 ||     7
       Sleeping          |     1 |     2 |     2 ||     5
  Eat: Ration            |       |     2 |     3 ||     5
Armor: Robe              |     5 |    26 |    67 ||    98
Dodge: Dodged            |    57 |   168 |   238 ||   463

Table legend:
 A = Spawn XP
 B = Non-spawn XP
 C = Spawn XP percentage of total XP
 D = Spawn monster count
 E = Non-spawn monster count
 F = Spawn count percentage of total count
 G = Total turns spent on level
                    A         B        C        D         E        F      G
               +---------+---------+-------+---------+---------+-------+---------
         Total |       0 |    2941 |   0.0 |       0 |     159 |   0.0 |  9068
               +---------+---------+-------+---------+---------+-------+---------
           D:1 |       0 |      40 |   0.0 |       0 |      17 |   0.0 |   808
           D:2 |       0 |     135 |   0.0 |       0 |      29 |   0.0 |  1917
           D:3 |       0 |     198 |   0.0 |       0 |      23 |   0.0 |  1951
           D:4 |       0 |     395 |   0.0 |       0 |      28 |   0.0 |  1716
           D:5 |       0 |     825 |   0.0 |       0 |      22 |   0.0 |  1436
           D:6 |       0 |     711 |   0.0 |       0 |      23 |   0.0 |   866
           D:7 |       0 |     637 |   0.0 |       0 |      17 |   0.0 |   374
               +---------+---------+-------+---------+---------+-------+---------
